 Dungeon Crawl Stone Soup version 0.28.0-53-g5a82cb258f (webtiles) character file.

Game seed: 11018348910065510207

15708 buhh the Transmogrifier (level 12, -2/114 HPs)
             Began as an Octopode Transmuter on June 19, 2022.
             Was a Believer of Cheibriados.
             Slain by a komodo dragon (14 damage)
             ... on level 4 of the Lair of Beasts.
             The game lasted 00:31:49 (18962 turns).

buhh the Transmogrifier (Octopode Transmuter)      Turns: 18962, Time: 00:31:50

Health: -2/114     AC: 10    Str: 20    XL:     12   Next: 29%
Magic:  15/17      EV: 16    Int: 25    God:    Cheibriados [**....]
Gold:   854        SH:  0    Dex: 18    Spells: 5/15 levels left

rFire   x . .      SeeInvis .     - Unarmed
rCold   + + +      Faith    .   (shield currently unavailable)
rNeg    + + .      Spirit   .   (helmet currently unavailable)
rPois   +          Reflect  .   A - amulet of the acrobat
rElec   .          Harm     .   a - ring of wizardry
rCorr   +          Rampage  .   b - +4 ring of evasion
Will    .....                   l - ring of resist corrosion
Stlth   ++........              r - ring of positive energy
HPRegen 0.00/turn               y - +6 ring of strength
MPRegen 0.15/turn               z - ring of positive energy
                                (no ring)
                                (no ring)

@: ice-form, inhibited regen, very slow
A: freezing attack, boosted hp, almost no armour, amphibious, 8 rings, large,
(camouflage 1), (gelatinous body 1), (nimble swimmer 1), (tentacles), (antennae
1), robust 1, inhibited regeneration
a: End Transformation, Renounce Religion, Bend Time


You were on level 4 of the Lair of Beasts.
You worshipped Cheibriados.
Cheibriados was pleased with you.
You were a creature of crystalline ice.
You visited 3 branches of the dungeon, and saw 14 of its levels.
You also visited: Ossuary and Bailey.

You collected 1201 gold pieces.
You spent 347 gold pieces at shops.

Inventory:

Hand Weapons
 n - the +3 sling "Punk" {acid, rCorr}
   (You took it off a kobold on level 4 of the Dungeon)

   Any ammunition fired from it is coated in acid, damaging and corroding those
   it strikes.
   rCorr:     It protects you from acid and corrosion.
Missiles
 h - 5 throwing nets {!f}
 j - 10 poisoned darts
Magical Staves
 p - a staff of poison
 q - a staff of conjuration
Jewellery
 a - a ring of wizardry (left front paw)
 b - a +4 ring of evasion (right front paw)
 l - a ring of resist corrosion (on tentacle)
 r - a ring of positive energy (on tentacle)
 y - a +6 ring of strength (on tentacle)
 z - a ring of positive energy (on tentacle)
 A - an amulet of the acrobat (around neck)
Wands
 i - a wand of mindburst (3)
 m - a wand of charming (2)
Scrolls
 g - a scroll of identify {!d}
 Q - a scroll of fog
 T - 3 scrolls of immolation {!d}
 X - a scroll of amnesia
 Y - a scroll of holy word {!r!d}
 Z - a scroll of enchant armour
Potions
 c - a potion of ambrosia {unknown}
 d - a potion of lignification {unknown}
 e - a potion of attraction
 f - a potion of invisibility {unknown}
 k - a potion of flight
 L - 2 potions of resistance {!q!d}
 O - 3 potions of haste {!q!d}
 U - a potion of mutation {!d}
Miscellaneous
 o - a box of beasts (inert)


   Skills:
 - Level 10.0 Fighting
 - Level 5.0 Dodging
 - Level 1.0 Stealth
 - Level 8.0 Unarmed Combat
 - Level 2.0 Spellcasting
 - Level 11.2 Transmutations
 * Level 7.3 Ice Magic
 - Level 7.2 Invocations


You had 5 spell levels left.
You knew the following spells:

 Your Spells              Type           Power      Damage    Failure   Level
a - Beastly Appendage     Tmut           100%       N/A       1%          1
b - Wereblood             Tmut           55%        N/A       1%          2
c - Spider Form           Tmut/Pois      30%        N/A       1%          3
d - Ice Form              Ice/Tmut       48%        N/A       1%          4

Your spell library contained the following spells:

 Spells                   Type           Power      Damage    Failure   Level
 Ensorcelled Hibernation  Hex/Ice        40%        N/A       1%          2
 Passwall                 Tmut/Erth      25%        N/A       1%          2
 Blade Hands              Tmut           27%        N/A       1%          5
 Slow                     Hex            8%         N/A       4%          1
 Static Discharge         Conj/Air       2%         N/A       7%          2
 Confusing Touch          Hex            2%         N/A       13%         3
 Portal Projectile        Hex/Tloc       4%         N/A       13%         3
 Swiftness                Air            2%         N/A       13%         3
 Vampiric Draining        Necr           2%         2d6       13%         3
 Excruciating Wounds      Necr           1%         N/A       73%         5
 Lightning Bolt           Conj/Air       1%         1d12      73%         5
 Summon Forest            Summ/Tloc      1%         N/A       73%         5
 Summon Mana Viper        Hex/Summ       2%         N/A       73%         5
 Summon Cactus Giant      Summ           1%         N/A       99%         6
 Maxwell's Capacitive Co  Air            1%         ∞         100%        8


Dungeon Overview and Level Annotations

Branches:
Dungeon (9/15)             Temple (1/1) D:4            Lair (4/6) D:9
Ossuary (visited)          Bailey (visited)
  Swamp: Lair:2-4    Shoals: Lair:2-4     Snake: Lair:2-4    Spider: Lair:2-4
    Orc: D:9-12

Altars:
Ashenzari
Cheibriados
Dithmenos
Elyvilon
Fedhas
Gozag
Hepliaklqana
Kikubaaqudgha
Makhleb
Nemelex Xobeh
Okawaru
Qazlal
Ru
Sif Muna
Trog
Uskayaw
Vehumet
Wu Jian
Xom
Yredelemnul
Zin
The Shining One

Shops:
D:5 *   D:6 *

Annotations:
D:4 exclusion: dart slug, Natasha, Sigmund
Lair:2 Erica, Maggie


Innate Abilities, Weirdness & Mutations

You are a creature of crystalline ice.
You have a powerful freezing melee attack.
Your maximum health is increased.
Your armour is entirely melded.
You are incapable of wielding weapons or throwing items.
You cannot wear most types of armour.
You are amphibious.
You can wear up to eight rings at the same time.
((Your skin changes colour to match your surroundings (Stealth+).))
((Your rubbery body absorbs attacks. (AC +1, EV +1)))
((You are camouflaged when in or above water. (Stealth+)))
((You have tentacles for arms and can constrict up to eight enemies at once.))
((You have a pair of small antennae on your head.))
You are robust. (+10% HP)
You do not regenerate when monsters are visible.


Message History

The water moccasin bites you. The boulder beetle bites you.
You punch the boulder beetle! You freeze the boulder beetle.
The boulder beetle is severely wounded.
The water moccasin bites you.
The boulder beetle leaps!
The water moccasin closely misses you.
You barely miss the komodo dragon.
The boulder beetle curls into a ball and begins rolling!
The komodo dragon misses you. The water moccasin bites you.
You hit the komodo dragon. You freeze the komodo dragon.
The komodo dragon is lightly wounded.
The water moccasin misses you. The komodo dragon barely misses you.
You hit the komodo dragon but do no damage.
The komodo dragon is lightly wounded.
The water moccasin bites you but does no damage.
You hit the komodo dragon. You freeze the komodo dragon.
The komodo dragon is moderately wounded.
The water moccasin bites you but does no damage.
The komodo dragon closely misses you.
You completely miss the komodo dragon.
The komodo dragon is moderately wounded.
The water moccasin completely misses you.
The komodo dragon misses you. The boulder beetle hits you!!!
The boulder beetle stops rolling and uncurls.
The water moccasin bites you but does no damage.
You hear a roar!
You hit the boulder beetle but do no damage.
The boulder beetle is severely wounded.
A four-headed hydra comes into view.
The komodo dragon barely misses you. The water moccasin bites you.
The boulder beetle misses you.
You punch the boulder beetle! You freeze the boulder beetle.
The boulder beetle is almost dead.
The komodo dragon bites you!!
* * * LOW HITPOINT WARNING * * *
The water moccasin misses you.
The boulder beetle completely misses you.
You hit the boulder beetle. You freeze the boulder beetle.
The boulder beetle is almost dead.
The water moccasin misses you. The komodo dragon bites you!
You die...

#.##.###.....#..P#...
#....P......#......##..
#...........##.........
#..>.†<.............. #
#.....††..<.........# ≈.
..#.###....[........#.≈.
#.>..##............≈##
..... ##..............
...8.....#..>.BYl..#○
.#####...##.....S......
##.. ##........P#. #..
#../..#...# #..
#.#.........
.D....#...#.
..8........#
.......#....#


You could see a boulder beetle, a four-headed hydra, a komodo dragon and a water
moccasin.

Vanquished Creatures
  5 hydras
  A boulder beetle (Lair:3)
  A death yak (Lair:2)
  2 black mambas
  2 cane toads
  2 rime drakes (Lair:3)
  2 komodo dragons
  A shadow (D:9)
  A wraith (D:7)
  8 yaks (Lair:2)
  A basilisk (Lair:3)
  4 vampire mosquitoes (D:9)
  6 water moccasins
  5 necrophages (D:6)
  2 orc warriors
  3 black bears
  An ogre (D:7)
  27 wolves
  3 centaurs
  15 bullfrogs
  9 gnoll sergeants (Bailey)
  3 scorpions
  2 water moccasin zombies (D:6)
  2 wyvern skeletons (D:7)
  A human zombie (Ossuary)
  2 bullfrog skeletons
  4 orc priests
  7 gnoll shamans
  3 hounds
  2 iguanas
  8 orc wizards
  2 hound skeletons (D:4)
  2 mummies (Ossuary)
  2 howler monkey zombies
  9 adders
  17 gnolls
  3 river rats (D:5)
  2 shadow imps
  A white imp (D:4)
  An ufetubus (D:6)
  An adder skeleton (D:4)
  5 worms
  3 dart slugs
  21 orcs
  8 endoplasms
  2 giant cockroaches (D:3)
  10 hobgoblins
  10 jackals
  9 kobolds
  8 quokkas
  11 ball pythons
  6 bats
  6 frilled lizards
  4 gnoll zombies (Ossuary)
  7 goblins
  2 goblin zombies (Ossuary)
  3 hobgoblin zombies (Ossuary)
  A kobold zombie (D:5)
  5 orc zombies
  8 rats
304 creatures vanquished.

Vanquished Creatures (others)
  6 bushes
  21 fungi
  39 plants
66 creatures vanquished.

Grand Total: 370 creatures vanquished

Notes
Turn   | Place    | Note
-------+----------+-------------------------------------------
     0 | D:1      | buhh the Octopode Transmuter began the quest for the Orb.
     0 | D:1      | Reached XP level 1. HP: 13/13 MP: 3/3
   160 | D:1      | Reached XP level 2. HP: 15/19 MP: 5/5
   843 | D:1      | Reached XP level 3. HP: 23/25 MP: 6/6
  1194 | D:1      | Found a faded altar of an unknown god.
  1427 | D:2      | Learned a level 2 spell: Wereblood
  1431 | D:2      | Learned a level 3 spell: Spider Form
  1743 | D:2      | Reached XP level 4. HP: 31/32 MP: 5/7
  2064 | D:2      | Reached XP level 5. HP: 31/38 MP: 2/8
  4032 | D:4      | Found a staircase to the Ecumenical Temple.
  4097 | D:4      | Reached XP level 6. HP: 46/46 MP: 7/9
  4534 | D:4      | Noticed Sigmund
  4552 | D:4      | Noticed Natasha
  5034 | D:5      | Entered Level 5 of the Dungeon
  5318 | D:5      | Found a sand-covered staircase.
  5340 | Ossuary  | Entered an ossuary
  5482 | Ossuary  | Reached XP level 7. HP: 36/52 MP: 10/10
  6391 | D:5      | Reached skill level 3 in Transmutations
  6614 | D:5      | Found Gaolunih's Assorted Antiques.
  6621 | D:5      | Bought a small cabochon ring for 165 gold pieces
  6621 | D:5      | Bought a scroll labelled TYBAGR CITI for 33 gold pieces
  6621 | D:5      | Bought a scroll labelled AFEDWYINKI for 33 gold pieces
  6621 | D:5      | Bought a silvery potion for 29 gold pieces
  6621 | D:5      | Bought an inky potion for 29 gold pieces
  6905 | D:6      | Reached skill level 4 in Transmutations
  6990 | D:6      | Found Ezam's Assorted Antiques.
  6993 | D:6      | Bought a scroll of fog for 58 gold pieces
  7072 | D:6      | Found a blossoming altar of Fedhas.
  7218 | D:6      | Reached XP level 8. HP: 57/57 MP: 9/11
  7259 | D:6      | Reached skill level 5 in Transmutations
  7732 | D:6      | Reached skill level 6 in Transmutations
  8212 | D:7      | Noticed a wraith
  8534 | D:6      | Reached skill level 7 in Transmutations
  8597 | D:6      | Learned a level 4 spell: Ice Form
  8654 | D:6      | Reached skill level 8 in Transmutations
  8668 | D:6      | Reached XP level 9. HP: 44/62 MP: 9/12
 11784 | D:9      | Found a flagged portal.
 11796 | Bailey   | Entered a bailey
 11960 | Bailey   | Gained mutation: You do not regenerate when monsters are
                  | visible. [potion of mutation]
 11960 | Bailey   | Gained mutation: You have a pair of small antennae on your
                  | head. [potion of mutation]
 11960 | Bailey   | Gained mutation: You are robust. (+10% HP) [potion of
                  | mutation]
 12582 | Bailey   | Reached XP level 10. HP: 74/74 MP: 13/13
 14158 | D:9      | Found a staircase to the Lair.
 14385 | Temple   | Entered the Ecumenical Temple
 14501 | Temple   | Became a worshipper of Cheibriados the Contemplative
 14742 | Lair:1   | Entered Level 1 of the Lair of Beasts
 14743 | Lair:1   | Noticed a cane toad
 14954 | Lair:1   | Noticed a cane toad
 15103 | Lair:2   | Noticed a six-headed hydra
 15131 | Lair:2   | Noticed a black mamba
 15149 | Lair:2   | Killed a black mamba
 15150 | Lair:2   | Reached XP level 11. HP: 42/84 MP: 12/16
 15459 | Lair:2   | Reached * piety under Cheibriados
 15507 | Lair:2   | Killed a six-headed hydra
 15590 | Lair:2   | Noticed a six-headed hydra
 15680 | Lair:2   | Killed a six-headed hydra
 15740 | Lair:2   | Noticed Erica
 16077 | Lair:2   | Noticed Maggie
 16456 | Lair:2   | Noticed a death yak
 16488 | Lair:2   | Noticed a death yak
 16488 | Lair:2   | Noticed a death yak
 16493 | Lair:2   | Reached skill level 9 in Transmutations
 16498 | Lair:2   | Killed a death yak
 16777 | Lair:2   | Noticed a six-headed hydra
 16783 | Lair:2   | Killed a six-headed hydra
 16784 | Lair:2   | Reached skill level 10 in Transmutations
 16948 | Lair:3   | Noticed a four-headed hydra
 16961 | Lair:3   | Killed a four-headed hydra
 17224 | Lair:3   | Reached ** piety under Cheibriados
 17692 | Lair:3   | Noticed a six-headed hydra
 17700 | Lair:3   | Killed a six-headed hydra
 17701 | Lair:3   | Reached skill level 11 in Transmutations
 17701 | Lair:3   | Reached XP level 12. HP: 76/95 MP: 13/17
 18384 | Lair:3   | Noticed a boulder beetle
 18417 | Lair:3   | Killed a boulder beetle
 18945 | Lair:4   | Noticed a boulder beetle
 18960 | Lair:4   | Noticed a four-headed hydra
 18962 | Lair:4   | Slain by a komodo dragon

Illustrated notes

Levels and vault maps discovered:
D:1:      scummos_arrival_checkerplants, layout_loops_cross,
          shapermc_ecumenical_altar_mp_vishouse, minmay_nonomino_d4
D:2:      layout_loops_corners, chequers_serial_rivers_large_b
D:3:      layout_loops_corners
D:4:      layout_basic, minmay_temple_entry_water_ring, small_statue_alley_b,
          uniq_sigmund, uniq_natasha
D:5:      layout_loops_ring, enter_ossuary_3, lightli_sewer_entry_pipes,
          serial_shops, nicolae_shop_statue_plus
D:6:      layout_basic, fedhas_altar_decomposition, serial_shops,
          kennysheep_mini_moat, serial_co_window_serial, co_window_paths_a,
          co_window_cross_1, co_window_paths_a, co_window_of_opportunity_a,
          co_window_paths_b, co_window_unsneaky_path_d,
          co_window_unsneaky_path_c, co_window_unsneaky_path_e, co_window_sun,
          co_window_4corner_a, glass_columns_a, glass_columns_a,
          minmay_misc_feat_plants, nicolae_underground_beach
D:7:      layout_basic, st_stairs_9, minmay_splitting_lines,
          minmay_a_box_with_orc_wizards_in_it
D:8:      layout_loops_ring
D:9:      layout_loops_cross, david_lair_shrubbed, serial_shops, shop,
          enter_bailey_2, serial_bayou, serial_bayou_shore_b,
          serial_bayou_crossing, serial_bayou_pond_a, serial_bayou_ford_a
Temple:   kilobyte_greek_temple
Lair:1:   layout_long_grid, gauntlet_entry_generic,
          grunt_forest_large_clearings, grunt_megastairs_2
Lair:2:   layout_chaotic_city, minmay_swamp_entry_worms,
          spider_nest_entry_funnel_web, uniq_maggie, uniq_erica
Lair:3:   layout_regular_city, grunt_megastairs_1
Lair:4:   layout_cave_shapes, hellmonk_ghost_happy_afterlife,
          nicolae_volcano_entry_lava_flow, beast_lair_carwin_8,
          grunt_megastairs_5, serial_bayou_shore_a

Skill      XL: |  1  2  3  4  5  6  7  8  9 10 11 12 |
---------------+-------------------------------------+-----
Stealth        | 1 |  1.0
Fighting       | 2 3 4 5 6 8 10 | 10.0
Dodging        | 4 5 |  5.0
Transmutations | 4 8 11 | 11.2
Ice Magic      | 2 5 7 |  7.3
Unarmed Combat | 7 8 |  8.0
Invocations    | 7 |  7.2
Spellcasting   | |  2.0

Action                   |  1- 3 |  4- 6 |  7- 9 | 10-12 || total
-------------------------+-------+-------+-------+-------++-------
Melee: Unarmed           |    72 |   196 |   347 |   335 ||   950
       Constrict         |    18 |    47 |    35 |     1 ||   101
       Tentacles         |    13 |    37 |    37 |     1 ||    88
       Kick              |    17 |    52 |    55 |       ||   124
       Punch             |       |     6 |     8 |       ||    14
 Cast: Beastly Appendage |    16 |    46 |    30 |       ||    92
       Spider Form       |     1 |     6 |     8 |       ||    15
       Ice Form          |       |       |    30 |    55 ||    85
       Wereblood         |       |       |     3 |     3 ||     6
Evoke: Wand              |       |       |     7 |     5 ||    12
       Box of beasts     |       |       |       |     1 ||     1
  Use: Scroll            |     2 |     2 |     6 |     9 ||    19
       Potion            |       |       |     9 |     4 ||    13
 Stab: Sleeping          |     2 |     4 |     4 |     1 ||    11
Armor: Skin              |     3 |     6 |    54 |    85 ||   148
Dodge: Dodged            |    36 |   165 |   338 |   338 ||   877
